 Dungeon Crawl Stone Soup version 0.30-a0-983-g7e3032bf44 (webtiles) character file.

Game seed: 11143954719076467241

117 IndexError the Chiller (level 5, -1/28 HPs)
             Began as a Gargoyle Ice Elementalist on Apr 1, 2023.
             Killed by divine providence
             ... invoked by an orc priest
              (12 damage)
             ... on level 3 of the Dungeon.
             The game lasted 00:04:59 (2370 turns).

IndexError the Chiller (Gargoyle Ice Elementalist)  Turns: 2370, Time: 00:04:59

Health: -1/28      AC:  8    Str: 11    XL:     5   Next: 1%
Magic:  10/10      EV: 11    Int: 18    God:
Gold:   75         SH:  0    Dex: 10    Spells: 4/11 levels left

rFire   . . .      SeeInvis .    e - +0 dagger
rCold   . . .      Faith    .    (no shield)
rNeg    + . .      Spirit   .    a - +0 robe
rPois   ∞          Reflect  .    (no helmet)
rElec   +          Rampage  .    q - +0 cloak
rCorr   .                        i - +0 pair of gloves
Will    +....                    (no boots)
Stlth   ++                       p - amulet of magic regeneration
HPRegen 0.24/turn                j - ring of willpower
MPRegen 0.52/turn                (no ring)

@: no status effects
A: sickness immunity, AC +4, negative energy resistance 1, electricity
resistance, torment resistance 1, petrification resistance
a: no special abilities


You were on level 3 of the Dungeon.
You visited 1 branch of the dungeon, and saw 3 of its levels.

You collected 75 gold pieces.

Inventory:

Hand Weapons
 e - a +0 dagger (weapon)
   (You took it off a goblin on level 1 of the Dungeon)
Missiles
 o - 6 javelins
Armour
 a - a +0 robe (worn)
 i - a +0 pair of gloves (worn)
   (You found it on level 1 of the Dungeon)
 q - a +0 cloak (worn)
   (You found it on level 2 of the Dungeon)
Jewellery
 j - a ring of willpower (left hand)
   (You found it on level 1 of the Dungeon)
 p - an amulet of magic regeneration (around neck)
   (You found it on level 2 of the Dungeon)
Scrolls
 c - 4 scrolls of enchant armour {unknown}
 d - a scroll of blinking {unknown}
 f - a scroll of acquirement {unknown}
 h - a scroll of poison {unknown}
 k - 2 scrolls of amnesia {unknown}
 l - a scroll of enchant weapon {unknown}
 m - a scroll of brand weapon {unknown}
 s - a scroll of vulnerability {unknown}
 u - a scroll of identify {unknown}
Potions
 b - a potion of magic
 g - a potion of attraction {unknown}
 n - a potion of mutation {unknown}
 r - a potion of curing {unknown}
 t - a potion of flight {unknown}


   Skills:
 - Level 1.5 Dodging
 - Level 2.1 Stealth
 + Level 3.5 Spellcasting
 + Level 5.2 Ice Magic


You had 4 spell levels left.
You knew the following spells:

 Your Spells              Type           Power      Damage    Failure   Level
a - Freeze                Ice            84%        1d9       1%          1
b - Frozen Ramparts       Ice            42%        1d7       5%          3
A - Ozocubu's Armour      Ice            21%        N/A       5%          3

Your spell library contained the following spells:

 Spells                   Type           Power      Damage    Failure   Level
 Summon Ice Beast         Ice/Summ       12%        N/A       47%         4


Dungeon Overview and Level Annotations

Branches:
Dungeon (3/15)

Altars:

Shops:
D:2 !=!


Innate Abilities, Weirdness & Mutations

You are immune to sickness and miasma.
Your stone body is resilient. (AC +4)
You are immune to poison.
You resist negative energy. (rN+)
You are resistant to electric shocks. (rElec)
You are resistant to unholy torment.
You are immune to petrification.


Message History

Magic restored.
HP restored.
You see here a jackal corpse.
An orc comes into view. It is wielding a +0 flail.
Health restored: 24; MP restored: 8 An orc is nearby!
The orc shouts!
You hear a shout!
You hear an angry hiss. x2
You hear a shout! x3; You hear an angry hiss.
No target in view!
No target in view!
You hear a shout!
An orc is nearby!
Casting: Freeze (safe; 1% risk of failure)
Confirm with . or Enter, or press ? or * to list all spells.
Aiming: Freeze (safe; 1% risk of failure)
Press: ? - help, Shift-Dir - straight line, f - orc
Aim: an orc, wielding a +0 flail and wearing a +0 ring mail You freeze the orc.
An orc priest comes into view. It is wielding a +0 flail.
The orc misses you.
Casting: Freeze (safe; 1% risk of failure)
Confirm with . or Enter, or press ? or * to list all spells.
Aiming: Freeze (safe; 1% risk of failure)
Press: ? - help, Shift-Dir - straight line, f/p - orc
Aim: an orc, wielding a +0 flail and wearing a +0 ring mail (lightly wounded)
You freeze the orc!
You now have 7/8 mp.
MP restored: 8
Casting: Freeze (safe; 1% risk of failure)
Confirm with . or Enter, or press ? or * to list all spells.
Okay, then.
Casting: Freeze (safe; 1% risk of failure)
Confirm with . or Enter, or press ? or * to list all spells.
The spell is quite dangerous to miscast (6% risk of failure)!
Continue anyway?
Okay, then.
Casting: Frozen Ramparts (quite dangerous; 6% risk of failure)
Confirm with . or Enter, or press ? or * to list all spells.
The spell is quite dangerous to miscast (6% risk of failure)!
Continue anyway?
Okay, then.
Casting: Frozen Ramparts (quite dangerous; 6% risk of failure)
Confirm with . or Enter, or press ? or * to list all spells.
The spell is quite dangerous to miscast (6% risk of failure)!
Continue anyway?
Casting: Frozen Ramparts (quite dangerous; 6% risk of failure)
Press: ? - help, Dir - look around, f - activate The walls around you are covered in ice.
The wall freezes the orc priest.
The orc priest mumbles some strange prayers to Beogh against you.
Beogh smites you!
Ouch! That really hurt!
You take 16 damage, and have 8/24 hp.
MASSIVE DAMAGE!!
You now have 5/8 mp.
The wall freezes the orc priest.
You hit the orc priest.
The wall freezes the orc priest.
The orc priest calls down the wrath of Beogh upon you.
You resist with some effort.
You hit the orc priest but do no damage.
The wall freezes the orc priest.
The orc priest hits you with a +0 flail.
* * * LOW HITPOINT WARNING * * *
You take 6 damage, and have 2/24 hp.
MASSIVE DAMAGE!!
You hit the orc priest but do no damage.
The wall freezes the orc priest.
You have reached level 5!
The frozen ramparts melt away.
Things that are here:
a +0 flail; a +0 robe; an orc corpse
There is an open gate here.
A quokka comes into view.
The quokka moves out of view.
Health restored: 28; MP restored: 10 An orc comes into view.
It is wielding a +0 short sword of draining.
An orc priest comes into view. It is wielding a +0 mace.
The orc priest shouts!
The orc shouts!
An orc priest comes into view. It is wielding a +0 short sword.
You hear an angry hiss.
The orc priest shouts!
An orc comes into view. It is wielding a +0 war axe.
A kobold comes into view. It is wielding a +0 whip.
An orc comes into view. It is wielding a +0 hand axe.
The orc priest calls down the wrath of Beogh upon you.
Beogh smites you!
You take 9 damage, and have 19/28 hp.
MASSIVE DAMAGE!!
The orc priest mumbles some strange prayers to Beogh against you.
Pain shoots through your body!
You take 1 damage, and have 18/28 hp.
The orc shouts! x2
The orc misses you.
The quokka twitches its whiskers.
The quokka attacks as you move away! The quokka closely misses you.
The orc priest looks satisfied for a moment.
There is an open gate here.
The quokka attacks as you move away! The quokka barely misses you.
The orc attacks as you move away! The orc hits you but does no damage.
The orc priest invokes the aid of Beogh against you.
Beogh smites you!
You hear an angry hiss.
You take 7 damage, and have 11/28 hp.
MASSIVE DAMAGE!!
The quokka misses you.
The orc priest invokes the aid of Beogh against you.
Beogh smites you!
You die...

#........♣........#
##.# #...............#
#... #....o........##
#.##
##....oo.....##..##.##
##...o.....## #......
##.......## ..##.##
###'''### #.## #)ro.#
#... #@####### ####
#.......# ########
#..####.###......#
##..##..........#.#
#...##.#.###.##.#.#
#.#......# #.##.†..
#...###### #.####.#
##### #.####.#
#......#


You could see 2 orc priests, 2 orcs and a quokka.

Vanquished Creatures
  An orc priest (D:3)
  An adder (D:2)
  2 dart slugs
  3 orcs (D:3)
  5 bats
  6 endoplasms (D:1)
  2 giant cockroaches
  3 goblins
  2 hobgoblins
  15 jackals
  A quokka (D:2)
  4 ball pythons
  5 frilled lizards
  11 kobolds
  3 rats
64 creatures vanquished.

Notes
Turn   | Place    | Note
-------+----------+-------------------------------------------
     0 | D:1      | IndexError the Gargoyle Ice Elementalist began the quest
                  | for the Orb.
     0 | D:1      | Reached XP level 1. HP: 10/10 MP: 3/3
   125 | D:1      | Reached XP level 2. HP: 15/15 MP: 1/5
   499 | D:1      | Reached XP level 3. HP: 19/19 MP: 4/6
   853 | D:1      | You fall into a shaft and drop 1 floor!
   858 | D:2      | Learned a level 3 spell: Frozen Ramparts
   862 | D:2      | Learned a level 3 spell: Ozocubu's Armour
  1121 | D:2      | Found Yxibyu's Jewellery Emporium.
  1125 | D:2      | Found Cungufalico's Distillery.
  1147 | D:2      | Found Jusyxzog's Distillery.
  1409 | D:1      | Reached skill level 3 in Spellcasting
  1734 | D:2      | Reached XP level 4. HP: 24/24 MP: 6/8
  2170 | D:3      | Reached skill level 5 in Ice Magic
  2240 | D:3      | HP: 2/24 [orc priest/+0 flail (6)]
  2242 | D:3      | Reached XP level 5. HP: 3/28 MP: 7/10
  2370 | D:3      | Killed from afar by an orc priest

Illustrated notes

Levels and vault maps discovered:
D:1:      amcnicky_arrival_wind_blow, layout_basic
D:2:      layout_basic, serial_shops, nicolae_diamond_shop, shop, shop
D:3:      layout_loops_cross, kennysheep_cluttered_room, corexii_corridor_pit,
          nicolae_goblin_pals, uniq_natasha

Skill      XL: |  1  2  3  4 |
---------------+-------------+-----
Spellcasting   | 3 |  3.5
Ice Magic      | 5 |  5.2
Dodging        | |  1.5
Stealth        | |  2.1

Action                     |  1- 3 |  4- 6 || total
---------------------------+-------+-------++-------
  Melee: Unarmed           |    10 |       ||    10
         Dagger            |    31 |    14 ||    45
         Club              |     3 |       ||     3
         Short sword       |     3 |       ||     3
   Cast: Freeze            |    63 |    24 ||    87
         Frozen Ramparts   |       |     1 ||     1
   Stab: Sleeping          |     5 |     1 ||     6
 Armour: Robe              |    45 |    16 ||    61
  Dodge: Dodged            |    57 |    24 ||    81

Table legend: (Time is in decaauts)
 A = Elapsed time spent in this place.
 B = Non-inter-level travel time spent in this place.
 C = Inter-level travel time spent in this place.
 D = Time resting spent in this place.
 E = Time spent auto-exploring this place.
 F = Levels seen in this place.
 G = Mean time per level.
                   A        B        C        D        E       F      G
               +--------+--------+--------+--------+--------+-----+--------+
         Total |   2371 |   2087 |    284 |      0 |   1625 |   3 |  790.3 |
       Dungeon |   2371 |   2087 |    284 |      0 |   1625 |   3 |  790.3 |
               +--------+--------+--------+--------+--------+-----+--------+

Top non-repeatable levels by time:
     D:1: 1198 daAuts
     D:2: 916 daAuts
     D:3: 256 daAuts

Table legend:
 A = Kills in this place as a percentage of kills in the entire game.
 B = Kills by you in this place as a percentage of kills by you in the entire game.
 C = Kills by friends in this place as a percentage of kills by friends in the entire game.
 D = Other kills in this place as a percentage of other kills in the entire game.
 E = Experience gained in this place as a percentage of experience gained in the entire game.
 F = Experience gained in this place divided by the number of levels of this place that you have seen.
                   A       B       C       D       E      F
               +-------+-------+-------+-------+-------+----------------------
         Total | 100.0 | 100.0 |   N/A |   N/A | 100.0 |  56.0
       Dungeon | 100.0 | 100.0 |   N/A |   N/A | 100.0 |  56.0
               +-------+-------+-------+-------+-------+----------------------
